AoeStats
← Landlord of Lead

Four Lakes

509273065Analyzed
1v1 RM · 4d ago on Sep 26, 2026· 64m 39s· 2 players
Game mode
Random Map
Map size
Tiny (2 player)
Population
200
Speed
Normal
Resources
Standard
Victory
Conquest
Starting age
Dark Age
Ending age
Imperial Age
RankedLock teamsTeams togetherTeam positionsShared explorationLock speedFull tech treeHidden civsTurbo modeCheats
Victory
Defeat
🇨🇦 Franks · Canada
475
+17
🇺🇸 Japanese · United States
495
-17
LRNI_LioonN
0:35 Loom
11:25 Feudal Age
16:09 Arson
15:44 Man-at-Arms
16:50 Fletching
17:50 Scale Mail Armor
18:07 Forging
18:31 Scale Mail Armor
21:55 Double-Bit Axe
23:43 Wheelbarrow
24:19 Gold Mining
27:47 Town Watch
31:53 Castle Age
30:38 Stone Mining
33:43 Hand Cart
33:31 Husbandry
34:28 Gold Shaft Mining
35:36 Bow Saw
37:21 Scale Barding Armor
48:09 Chain Barding Armor
53:01 Iron Casting
52:41 Chain Mail Armor
51:50 Crossbowman
52:29 Bodkin Arrow
Landlord of Lead
4:00 Loom
14:20 Feudal Age
15:05 Double-Bit Axe
15:18 Gold Mining
15:12 Horse Collar
15:01 Man-at-Arms
15:59 Scale Mail Armor
22:21 Wheelbarrow
29:11 Castle Age
31:06 Hand Cart
34:06 Gold Shaft Mining
33:37 Elite Skirmisher
35:55 Long Swordsman
36:22 Gambesons
39:09 Bow Saw
43:37 Fishing Lines
45:00 Stone Mining
53:28 Squires
58:14 Imperial Age
58:23 Chain Mail Armor
58:20 Forging
58:02 Fletching
58:39 Gillnets
60:05 Conscription
59:43 Pikeman
60:46 Halberdier
63:08 Capped Ram
Connection lost

Rejoining the realm…

Still unreachable

The connection could not be restored.

Session expired

The server has moved on; the page needs a fresh start.